 Dungeon Crawl Stone Soup version 0.18.1-47-g9310371 (webtiles) character file.

13046 Vincendra the Blocker (level 11, -6/102 HPs)
             Began as a Minotaur Fighter on June 21, 2016.
             Was a Believer of Trog.
             Mangled by a skeletal warrior
             ... wielding a +0 scimitar
             ... led by a skeletal warrior
              (14 damage)
             ... on level 11 of the Dungeon.
             The game lasted 00:33:21 (10595 turns).

Vincendra the Blocker (Minotaur Fighter)           Turns: 10595, Time: 00:33:23

Health: -6/102     AC: 16    Str: 23    XL:     11   Next: 70%
Magic:  10/10      EV:  6    Int:  5    God:    Trog [**....]
Gold:   925        SH: 13    Dex: 11    Spells: 0 memorised, 10 levels left

rFire  . . .     SeeInvis +     x - +5 flail (venom)
rCold  . . .     Gourm    +     y - +1 plate armour
rNeg   . . .     Faith    .     c - +0 shield
rPois  +         Spirit   .     (helmet restricted)
rElec  .         Dismiss  .     (no cloak)
rCorr  .         Reflect  .     (no gloves)
SustAt .         Harm     .     (no boots)
MR     ++...                    G - amulet of the gourmand
Stlth  ..........               l - ring of see invisible
                                e - ring of poison resistance

@: exhausted, regenerating, slowed, very slow, very resistant to hostile
enchantments, extremely unstealthy
A: retaliatory headbutt, horns 2
a: Berserk, Trog's Hand, Burn Spellbooks, Renounce Religion


You were on level 11 of the Dungeon.
You worshipped Trog.
Trog was pleased with you.
You were full.

You visited 2 branches of the dungeon, and saw 12 of its levels.
You also visited: Ossuary.

You collected 925 gold pieces.

Inventory:

Hand Weapons
 r - a +0 blowgun
 x - a +5 flail of venom (weapon)
Missiles
 p - 9 curare-tipped needles
Armour
 c - a +0 shield (worn)
 y - a +1 plate armour (worn)
Jewellery
 e - a ring of poison resistance (left hand)
 l - a ring of see invisible (right hand)
 m - an uncursed amulet of dismissal
 n - an uncursed ring of protection from fire
 t - an uncursed ring of fire
 A - an uncursed amulet of guardian spirit
 G - an amulet of the gourmand (around neck)
 O - an uncursed amulet of harm
 T - an uncursed ring of positive energy
Wands
 z - a wand of paralysis (9/24)
 F - a wand of flame (20/48)
 L - a wand of iceblast (7/15)
 N - a wand of disintegration (13/24)
 P - a wand of disintegration (3/24)
Scrolls
 a - a scroll of torment {unknown}
 h - 6 scrolls of identify
 i - 3 scrolls of blinking
 u - 3 scrolls of magic mapping
 C - a scroll of immolation {unknown}
 E - 11 scrolls of remove curse
 M - a scroll of recharging {unknown}
 S - 2 scrolls of teleportation
Potions
 d - 5 potions of might
 j - 3 potions of lignification
 k - 3 potions of flight
 o - 2 potions of cure mutation
 s - 2 potions of invisibility
 v - 5 potions of heal wounds
 w - a potion of ambrosia {unknown}
 D - 5 potions of curing {unknown}
 I - a potion of brilliance {unknown}
 J - 2 potions of resistance {unknown}
 K - 2 potions of mutation {unknown}
 Q - a potion of agility {unknown}
 R - a potion of degeneration {unknown}
 U - a potion of berserk rage {unknown}
Comestibles
 b - 2 royal jellies
 f - 10 bread rations
 g - 27 fruits
 q - 2 slices of pizza
 B - a meat ration
 H - 2 beef jerkies


   Skills:
 + Level 11.2 Fighting
 + Level 11.6 Maces & Flails
 + Level 11.6 Armour
 + Level 12.1 Shields


You had 10 spell levels left.
You didn't know any spells.

Dungeon Overview and Level Annotations

Branches:
Dungeon (11/15)            Temple (1/1) D:7            Lair (0/8) D:8
    Orc: D:9-12

Altars:
Ashenzari
Cheibriados
Dithmenos
Elyvilon
Fedhas
Gozag
Kikubaaqudgha
Makhleb
Nemelex Xobeh
Okawaru
Pakellas
Qazlal
Ru
Sif Muna
Trog
Vehumet
Xom
Yredelemnul
Zin
The Shining One

Shops:
D:4 (   D:7 %   D:9 (


Innate Abilities, Weirdness & Mutations

You reflexively headbutt those who attack you in melee.
You have a pair of horns on your head.


Message History

The centaur closely misses you.
You hit the skeletal warrior but do no damage.
The skeletal warrior is moderately damaged.
The centaur barely misses you.
You block the skeletal warrior's attack.
The centaur hits you.
* * * LOW HITPOINT WARNING * * *
You hit the centaur.
The centaur is poisoned.
The centaur is moderately wounded.
The centaur hits you.
* * * LOW HITPOINT WARNING * * *
The skeletal warrior hits you with a scimitar!
* * * LOW HITPOINT WARNING * * *
You thump the centaur!
The centaur looks even sicker.
Your headbutt misses the centaur.
The centaur is severely wounded.
You kill the centaur!
Trog accepts your kill.
The skeletal warrior hits you with a scimitar!
You die...

#.#######
#.# #.# #.#
#.#
#.##########
#...........
#..z)....!..
#..)@......<
#..#########
#.(# #..#
#.$# #..#
#... #...
#....


You could see a skeletal warrior.

Vanquished Creatures
  Gastronok (D:8)
  The ghost of TBriggs11TB the Fighter, a novice HOFi of Trog (D:9)
  Erolcha (D:8)
  A tengu warrior (D:10)
  2 skeletal warriors (D:11)
  An unseen horror (D:6)
  A hill giant (D:10)
  An ugly thing (D:10)
  Maurice (D:8)
  Psyche (D:9)
  A troll (D:10)
  Prince Ribbit (D:6)
  Sigmund (D:6)
  A wraith (D:7)
  A wyvern (D:10)
  A steam dragon (D:10)
  A mottled dragon (D:10)
  2 hell hounds (D:8)
  An orc warrior (D:7)
  2 ice beasts
  A sky beast (D:6)
  A black bear (D:6)
  6 ogres
  A phantom (D:8)
  3 necrophages
  2 centaurs
  A big kobold (D:9)
  An elf zombie (D:7)
  Blork the orc (D:6)
  7 giant frogs
  A gnoll sergeant (D:5)
  12 scorpions
  11 killer bees
  7 wights
  2 giant frog zombies
  A howler monkey (D:5)
  3 centaur zombies (Ossuary)
  4 crimson imps
  5 human zombies
  2 quasits
  5 hounds
  2 centaur skeletons
  A jelly (D:7)
  2 orc priests
  3 giant frog skeletons
  A human skeleton (D:7)
  An iguana (D:7)
  An orc wizard (D:3)
  5 worker ants
  An ogre zombie (D:7)
  A big kobold zombie (Ossuary)
  A hound skeleton (D:6)
  6 mummies
  A worker ant zombie (D:7)
  Robin (D:3)
  4 gnolls (D:5)
  2 howler monkey skeletons
  7 adders
  4 scorpion zombies (Ossuary)
  4 shadow imps
  3 oozes
  An adder zombie (D:5)
  2 adder skeletons
  A worm (D:2)
  3 giant geckos
  17 orcs
  9 bats
  4 giant cockroaches
  14 goblins
  6 hobgoblins
  2 jackals (D:1)
  4 quokkas
  3 giant newts
  A gnoll zombie (Ossuary)
  3 goblin zombies
  A hobgoblin zombie (D:4)
  12 kobolds
  2 kobold zombies (Ossuary)
  An orc skeleton (D:7)
  A quokka zombie (D:7)
  7 rats
  A fungus (D:5)
246 creatures vanquished.

Vanquished Creatures (others)
  A scorpion (Ossuary)
  A hobgoblin (D:3)
  A quokka (D:11)
  A fungus (D:5)
4 creatures vanquished.

Grand Total: 250 creatures vanquished

Notes
Turn   | Place    | Note
--------------------------------------------------------------
     0 | D:1      | Vincendra the Minotaur Fighter began the quest for the Orb.
     0 | D:1      | Reached XP level 1. HP: 19/19 MP: 0/0
   256 | D:1      | Reached XP level 2. HP: 26/26 MP: 1/1
   698 | D:2      | Found a blossoming altar of Fedhas.
   807 | D:2      | Reached XP level 3. HP: 31/31 MP: 2/2
  1787 | D:3      | Noticed Robin
  1805 | D:3      | Killed Robin
  1805 | D:3      | Reached skill level 5 in Maces & Flails
  1811 | D:3      | Reached XP level 4. HP: 26/39 MP: 3/3
  2040 | D:3      | Found a sparkling altar of Nemelex Xobeh.
  2554 | D:3      | Found a burning altar of Makhleb.
  2563 | D:3      | Reached XP level 5. HP: 44/45 MP: 4/4
  2765 | D:3      | Found a glowing golden altar of the Shining One.
  2996 | D:4      | Found a glowing silver altar of Zin.
  3031 | D:4      | Found Kappuceup's Weapon Shop.
  3300 | D:4      | Found a sand-covered staircase.
  3309 | Ossuary  | Entered an ossuary
  3535 | Ossuary  | Reached XP level 6. HP: 35/51 MP: 5/5
  3774 | Ossuary  | Reached XP level 7. HP: 47/57 MP: 6/6
  4045 | Ossuary  | Reached skill level 10 in Maces & Flails
  4421 | D:5      | Entered Level 5 of the Dungeon
  4452 | D:5      | Reached skill level 4 in Shields
  4634 | D:5      | Reached skill level 5 in Shields
  4634 | D:5      | Reached XP level 8. HP: 64/64 MP: 7/7
  4862 | D:5      | Reached skill level 5 in Armour
  4880 | D:5      | Reached skill level 6 in Shields
  5040 | D:5      | Reached skill level 7 in Shields
  5601 | D:6      | Noticed Blork the orc
  5607 | D:6      | Killed Blork the orc
  5669 | D:6      | Noticed an unseen horror
  5686 | D:6      | Killed an unseen horror
  5686 | D:6      | Reached skill level 8 in Shields
  5686 | D:6      | Reached XP level 9. HP: 48/70 MP: 8/8
  5693 | D:6      | Reached skill level 9 in Shields
  5962 | D:6      | Reached skill level 10 in Shields
  5978 | D:6      | Gained mutation: You have a pair of large horns on your head. [mutagenic meat]
  5979 | D:6      | Gained mutation: You are resistant to hostile enchantments. [mutagenic meat]
  5980 | D:6      | Gained mutation: You are clumsy. (Dex -2) [mutagenic meat]
  5981 | D:6      | Gained mutation: You are weak. (Str -2) [mutagenic meat]
  6009 | D:6      | Noticed Sigmund
  6014 | D:6      | Killed Sigmund
  6264 | D:6      | Found a deep blue altar of Sif Muna.
  6265 | D:6      | Noticed Prince Ribbit
  6276 | D:6      | Killed Prince Ribbit
  6571 | D:7      | Found a staircase to the Ecumenical Temple.
  6725 | Temple   | Entered the Ecumenical Temple
  6909 | Temple   | Became a worshipper of Trog the Wrathful
  7011 | D:7      | Reached skill level 11 in Shields
  7022 | D:7      | Found a basalt altar of Yredelemnul.
  7120 | D:7      | Reached XP level 10. HP: 58/77 MP: 9/9
  7416 | D:7      | Found Wyuhif's Food Boutique.
  7799 | D:7      | Reached skill level 10 in Armour
  8176 | D:8      | Reached skill level 5 in Fighting
  8201 | D:8      | Noticed Gastronok
  8230 | D:8      | Killed Gastronok
  8368 | D:8      | Lost mutation: You have a pair of large horns on your head. [potion of cure mutation]
  8368 | D:8      | Lost mutation: You are clumsy. (Dex -2) [potion of cure mutation]
  8368 | D:8      | Lost mutation: You are resistant to hostile enchantments. [potion of cure mutation]
  8368 | D:8      | Lost mutation: You are weak. (Str -2) [potion of cure mutation]
  8393 | D:8      | Noticed Maurice
  8405 | D:8      | Killed Maurice
  8405 | D:8      | Reached skill level 10 in Fighting
  8530 | D:8      | Found a shadowy altar of Dithmenos.
  8549 | D:8      | Noticed Erolcha
  8567 | D:8      | Killed Erolcha
  8567 | D:8      | Reached * piety under Trog
  8724 | D:8      | Found a staircase to the Lair.
  8734 | D:8      | Reached XP level 11. HP: 71/101 MP: 10/10
  9155 | D:9      | Noticed Psyche
  9162 | D:9      | Killed Psyche
  9196 | D:9      | Found Peyjilaj's Weapon Shop.
  9485 | D:9      | Noticed TBriggs11TB's ghost (novice HOFi)
  9500 | D:9      | Killed TBriggs11TB's ghost
  9739 | D:10     | Entered Level 10 of the Dungeon
  9787 | D:10     | Noticed a purple ugly thing
  9806 | D:10     | Killed a purple ugly thing
  9856 | D:10     | Noticed a hill giant
  9863 | D:10     | Killed a hill giant
 10110 | D:10     | Noticed a tengu warrior
 10119 | D:10     | Killed a tengu warrior
 10191 | D:10     | Reached ** piety under Trog
 10556 | D:11     | Noticed a skeletal warrior
 10558 | D:11     | Noticed a skeletal warrior
 10559 | D:11     | Noticed a skeletal warrior
 10574 | D:11     | Killed a skeletal warrior
 10574 | D:11     | Reached skill level 12 in Shields
 10583 | D:11     | Killed a skeletal warrior
 10595 | D:11     | Mangled by a skeletal warrior

Skill      XL: |  1  2  3  4  5  6  7  8  9 10 11 |
---------------+----------------------------------+-----
Maces & Flails | 3 4 5 6 7 9 10 11 | 11.6
Armour         | 4 7 9 10 11 | 11.6
Shields        | 5 8 11 12 | 12.1
Fighting       | 10 11 | 11.2

Action                   |  1- 3 |  4- 6 |  7- 9 | 10-12 || total
-------------------------+-------+-------+-------+-------++-------
Melee: Flail             |   110 |   152 |   302 |   340 ||   904
       Headbutt          |    11 |    29 |    62 |    69 ||   171
Invok: Burn Spellbooks   |       |       |       |     4 ||     4
       Berserk           |       |       |       |     4 ||     4
       Trog's Hand       |       |       |       |     1 ||     1
  Use: Scroll            |     1 |       |    13 |     5 ||    19
       Potion            |       |       |       |     7 ||     7
 Stab: Invisible         |       |       |       |     5 ||     5
  Eat: Chunk             |     1 |     2 |    20 |    16 ||    39
       Bread ration      |     1 |       |     1 |       ||     2
Armor: Scale mail        |    59 |    18 |       |       ||    77
       Plate armour      |       |    60 |   103 |   127 ||   290
       Skin              |       |       |       |     8 ||     8
Dodge: Dodged            |    33 |    18 |    37 |    55 ||   143
Block: Shield            |    59 |    63 |   109 |   194 ||   425
